 Dungeon Crawl Stone Soup version 0.31.0-11-ge490571c62 (webtiles) character file.

Game seed: 13442311688023076859

81 qw the Shooter (level 4, -5/25 HPs)
             Began as a Deep Elf Hunter on Feb 4, 2024.
             Slain by a gnoll
             ... wielding a +0 halberd
              (10 damage)
             ... on level 3 of the Dungeon.
             The game lasted 00:00:08 (2086 turns).

qw the Shooter (Deep Elf Hunter)                    Turns: 2086, Time: 00:00:09

Health: -5/25      AC:  9    Str: 10    XL:     4   Next: 20%
Magic:  6/6        EV: 11    Int: 14    God:
Gold:   220        SH:  0    Dex: 18    Spells: 3/3 levels left

rFire   . . .        a - +0 shortbow
rCold   . . .        (shield currently unavailable)
rNeg    . . .        e - +0 ring mail
rPois   .            (no helmet)
rElec   .            f - +0 cloak
rCorr   .            k - +0 pair of gloves
SInv    .            c - +1 pair of boots
Will    .....        (no amulet)
Stlth   +            (no ring)
HPRegen 0.24/turn    (no ring)
MPRegen 0.10/turn

%: no passive effects
@: about to teleport
A: no striking features
a: no special abilities


You were on level 3 of the Dungeon.
You visited 1 branch of the dungeon, and saw 3 of its levels.

You collected 288 gold pieces.
You spent 68 gold pieces at shops.


   Skills:
 - Level 1.5 Fighting
 + Level 7.6 Ranged Weapons
 - Level 2.4 Dodging
 - Level 1.2 Stealth


You had 3 spell levels left.
You didn't know any spells.
Your spell library was empty.

Inventory:

Hand Weapons
 a - a +0 shortbow (weapon)
Armour
 c - a +1 pair of boots (worn)
 e - a +0 ring mail (worn)
 f - a +0 cloak (worn)
 k - a +0 pair of gloves (worn)
Potions
 d - a potion of heal wounds
 g - a potion of mutation {unknown}
 h - a potion of haste {unknown}
 i - 2 potions of enlightenment
 j - a potion of might
 l - a potion of attraction {unknown}

Dungeon Overview and Level Annotations

Branches:
Dungeon (3/15)

Altars:

Shops:
D:1 =[[


Message History

The gnoll shouts! x3
The gnoll moves out of view.
Enter note:
Enter note:
Enter note: You shoot an arrow.
The arrow closely misses the gnoll.
A gnoll comes into view. It is wielding a +0 club.
You shoot an arrow. The arrow hits the gnoll!
The gnoll is severely wounded.
You shoot an arrow.
The arrow hits the gnoll but does no damage.
The gnoll is severely wounded.
You shoot an arrow. The arrow closely misses the gnoll.
You shoot an arrow. The arrow barely misses the gnoll.
The arrow hits the gnoll but does no damage.
The gnoll hits you but does no damage. The gnoll barely misses you.
The gnoll hits you with a +0 flail.
You shoot an arrow. The arrow hits the gnoll.
The gnoll is almost dead.
The gnoll hits you with a +0 flail.
The gnoll hits you from afar with a +0 halberd.
You shoot an arrow. The arrow hits the gnoll.
You kill the gnoll!
The gnoll misses you. x2
You shoot an arrow. The arrow hits the gnoll.
The gnoll is lightly wounded.
The gnoll closely misses you.
You shoot an arrow. The arrow hits the gnoll.
The gnoll is moderately wounded.
The gnoll hits you but does no damage.
You shoot an arrow. The arrow hits the gnoll.
The gnoll is moderately wounded.
The gnoll hits you but does no damage. x2; The gnoll completely misses you.
The gnoll misses you. The gnoll hits you with a +0 flail!
The gnoll hits you with a +0 club.
2086 ||| READING scroll of teleportation.
As you read the scroll of teleportation, it crumbles to dust.
You feel strangely unstable.
The gnoll hits you from afar with a +0 halberd!
You die...

.....###########.###...#
#.... .....# #.###...#
#.### .....# #.#.....#
#.# # .....# # #.#.##..#
#.# .....#
..#.#.#.##..######.###
.....#
...................... .
..#.....##.........###
....#.###.###.######## #
#...g@g.....# #
.......)###.### #
.......g# #.# #
........# #.# #
#####.### #.# . #. #.# #
#. #.# .. #.# #.#


You could see 3 gnolls.

Vanquished Creatures
  A gnoll (D:3)
  2 adders
  A dart slug (D:1)
  4 ball pythons
  4 endoplasms
  4 giant cockroaches
  4 goblins
  4 hobgoblins (D:1)
  7 jackals (D:1)
  5 kobolds (D:2)
  6 bats
  3 frilled lizards
  3 rats
48 creatures vanquished.

Notes
Turn   | Place    | Note
-------+----------+-------------------------------------------
     0 | D:1      | qw the Deep Elf Hunter began the quest for the Orb.
     0 | D:1      | Reached XP level 1. HP: 12/12 MP: 3/3
     0 | D:1      | 0 ||| qw: Version: 0.3-a-160-g6735b56
     0 | D:1      | 0 ||| qw: Game counter: 5347
     0 | D:1      | 0 ||| qw: Melee chars always use a shield: true
     0 | D:1      | 0 ||| qw: God list: Okawaru
     0 | D:1      | 0 ||| qw: Allow faded altars: false
     0 | D:1      | 0 ||| qw: Do Orc after clearing Dungeon:15 true
     0 | D:1      | 0 ||| qw: Do second Lair branch before Depths: true
     0 | D:1      | 0 ||| qw: Lair rune preference: random
     0 | D:1      | 0 ||| qw: Goals: Normal
     0 | D:1      | 0 ||| PLANNING D:1-11
    67 | D:1      | Found Ximub's Antique Armour Shoppe.
    86 | D:1      | 86 ||| SHOPLISTING +1 cloak of Starlight {*Dazzle EV+4
                  | Stlth--} (518 gold, have 74).
    86 | D:1      | 86 ||| SHOPLISTING cloak (76 gold, have 74).
    86 | D:1      | 86 ||| SHOPLISTING pair of gloves (76 gold, have 74).
    86 | D:1      | 86 ||| SHOPLISTING pair of runed gloves (127 gold, have
                  | 74).
    86 | D:1      | 86 ||| BUYING ring mail (68 gold).
    86 | D:1      | Bought a ring mail for 68 gold pieces
   124 | D:1      | Reached XP level 2. HP: 16/16 MP: 4/4
   125 | D:1      | Reached skill level 6 in Ranged Weapons
   135 | D:1      | Found a faded altar of an unknown god.
   205 | D:1      | Found Juodgh's Jewellery Shoppe.
   213 | D:1      | 213 ||| SHOPLISTING +4 ring of slaying (1092 gold, have
                  | 25).
   213 | D:1      | 213 ||| SHOPLISTING +6 ring of dexterity (504 gold, have
                  | 25).
   213 | D:1      | 213 ||| SHOPLISTING ring "Qear Heomir" {Will++ Str+2 Int+6
                  | Slay+3} (1033 gold, have 25).
   213 | D:1      | 213 ||| SHOPLISTING ring of resist corrosion (280 gold,
                  | have 25).
   213 | D:1      | 213 ||| SHOPLISTING ring of willpower (350 gold, have 25).
   413 | D:1      | 413 ||| RETREEEEATING.
   470 | D:1      | Found Daqat's Antique Armour Shoppe.
   476 | D:1      | 476 ||| SHOPLISTING +0 pair of fencer's gloves {Riposte
                  | Dex+3} (880 gold, have 25).
   476 | D:1      | 476 ||| SHOPLISTING glowing leather armour (110 gold, have
                  | 25).
   476 | D:1      | 476 ||| SHOPLISTING runed robe (81 gold, have 25).
   612 | D:1      | 612 ||| RETREEEEATING.
   616 | D:1      | 616 ||| RETREEEEATING.
   618 | D:1      | 618 ||| RETREEEEATING.
   626 | D:1      | Reached XP level 3. HP: 11/20 MP: 5/5
   629 | D:1      | HP: 5/20 [ball python (2)]
   630 | D:1      | HP: 2/20 [hobgoblin (2)]
   635 | D:1      | HP: 2/20 [bat (1)]
   986 | D:1      | 986 ||| UPGRADING to +0 ring mail.
   996 | D:1      | 996 ||| DROPPING +0 leather armour.
   997 | D:1      | 997 ||| UPGRADING to +0 cloak.
  1002 | D:1      | 1002 ||| READING 2 scrolls labelled VOIMUD WENEQ.
  1002 | D:1      | 1002 ||| IDENTIFYING white potion
  1003 | D:1      | 1003 ||| READING scroll of identify.
  1003 | D:1      | 1003 ||| IDENTIFYING golden potion
  1004 | D:1      | 1004 ||| READING 2 scrolls labelled GODWOXK YSCHIO.
  1005 | D:1      | 1005 ||| READING scroll labelled NYOHIT JIANIH.
  1006 | D:1      | 1006 ||| READING scroll labelled LOEDIM ANAFOSCHA.
  1010 | D:1      | 1010 ||| DROPPING scroll of butterflies.
  1011 | D:1      | 1011 ||| DROPPING scroll of revelation.
  1272 | D:2      | Reached skill level 7 in Ranged Weapons
  1671 | D:2      | 1671 ||| UPGRADING to +1 pair of boots.
  1676 | D:2      | 1676 ||| UPGRADING to +0 pair of gloves.
  1681 | D:2      | 1681 ||| READING 3 scrolls of identify.
  1681 | D:2      | 1681 ||| IDENTIFYING glowing amethyst potion
  1682 | D:2      | 1682 ||| READING 2 scrolls of identify.
  1682 | D:2      | 1682 ||| IDENTIFYING brown potion
  1683 | D:2      | 1683 ||| READING scroll of identify.
  1683 | D:2      | 1683 ||| IDENTIFYING scroll labelled ACWETON ZYT
  1684 | D:2      | 1684 ||| DROPPING potion of invisibility.
  1685 | D:2      | 1685 ||| DROPPING scroll of blinking.
  1700 | D:3      | 1700 ||| PLANNING SEWER
  1891 | D:3      | Reached XP level 4. HP: 25/25 MP: 6/6
  2085 | D:3      | HP: 5/25 [gnoll/+0 club (3)]
  2086 | D:3      | 2086 ||| READING scroll of teleportation.
  2086 | D:3      | Slain by a gnoll

Levels and vault maps discovered:
D:1:      minmay_arrival_pointy, layout_basic,
          hellmonk_ecumenical_altar_arch_garden, serial_shops,
          nicolae_shop_crystal, nicolae_shop_advertising_works
          [nicolae_subvault_shop_adworks], shop_coins, minmay_three_crescents
D:2:      layout_loops_ring, minmay_door_square
D:3:      layout_basic, cheibrodos_sewer_entry_bend

Skill      XL: |  1  2  3 |
---------------+----------+-----
Ranged Weapons | 6 7 |  7.6
Fighting       | |  1.5
Dodging        | |  2.4
Stealth        | |  1.2

Action                     |  1- 3 |  4- 6 || total
---------------------------+-------+-------++-------
   Fire: Shortbow          |   106 |    18 ||   124
    Use: Scroll            |     8 |     1 ||     9
 Armour: Leather armour    |    32 |       ||    32
         Ring mail         |     1 |    10 ||    11
  Dodge: Dodged            |    39 |     6 ||    45

Table legend:
 A = Non-vault XP
 B = Vault XP
 C = Vault XP percentage of total XP
 D = Non-vault monster count
 E = Vault monster count
 F = Vault count percentage of total count
                 A         B        C        D         E       F
            +---------+---------+-------+---------+---------+-------
      Total |     107 |      10 |   8.5 |      42 |       6 |  12.5
            +---------+---------+-------+---------+---------+-------
        D:1 |      38 |      10 |  20.8 |      20 |       6 |  23.1
        D:2 |      33 |       0 |   0.0 |      15 |       0 |   0.0
        D:3 |      36 |       0 |   0.0 |       7 |       0 |   0.0
            +---------+---------+-------+---------+---------+-------
